 Dungeon Crawl Stone Soup version 0.29-a0-700-g2f1814c7b2 (webtiles) character file.

Game seed: 4949000483611990837

15353 RepHenryClay the Nimble (level 12, -5/59 HPs)
             Began as a Deep Elf Conjurer on June 26, 2022.
             Was a Believer of Vehumet.
             Slain by Harold
             ... wielding a +1 scimitar of protection
              (25 damage)
             ... on level 9 of the Dungeon.
             The game lasted 00:21:42 (11860 turns).

RepHenryClay the Nimble (Deep Elf Conjurer)        Turns: 11860, Time: 00:21:43

Health: -5/59      AC:  2    Str:  4    XL:     12   Next: 0%
Magic:  8/30       EV: 20    Int: 31    God:    Vehumet [**....]
Gold:   641        SH:  0    Dex: 17    Spells: 29/36 levels left

rFire   . . .      SeeInvis .   a - +2 demon whip (venom)
rCold   . . .      Faith    .   (no shield)
rNeg    . . .      Spirit   .   y - +0 robe
rPois   +          Reflect  .   (no helmet)
rElec   .          Harm     .   (no cloak)
rCorr   .          Rampage  .   (no gloves)
Will    +....                   (no boots)
Stlth   ++........              (no amulet)
HPRegen 0.19/turn               c - +6 ring of intelligence
MPRegen 0.22/turn               i - ring of poison resistance

@: marked
A: no striking features
a: Renounce Religion


You were on level 9 of the Dungeon.
You worshipped Vehumet.
Vehumet was pleased with you.
You visited 2 branches of the dungeon, and saw 10 of its levels.
You also visited: Bailey.

You collected 641 gold pieces.

Inventory:

Hand Weapons
 a - a +2 demon whip of venom (weapon)
 l - the +6 hand axe of Infection {holy, rC++}
   (You found it on level 9 of the Dungeon)

   It has been blessed by the Shining One to cause great damage to the undead
   and demons.
   rC:        It greatly protects you from cold.
Missiles
 F - a throwing net
Armour
 f - an orb of energy
 r - a +0 ring mail of fire resistance
 y - a +0 robe (worn)
Jewellery
 c - a +6 ring of intelligence (left hand)
 i - a ring of poison resistance (right hand)
 v - an amulet of guardian spirit
Wands
 g - a wand of charming (6)
 o - a wand of iceblast (2)
 q - a wand of quicksilver (5)
 B - a wand of digging (2)
Scrolls
 h - 4 scrolls of fear
 j - 6 scrolls of teleportation
 n - 3 scrolls of amnesia
 s - a scroll of poison
 A - a scroll of enchant armour
 E - a scroll of identify {@r1}
Potions
 b - a potion of magic
 d - a potion of ambrosia {unknown}
 e - 5 potions of curing
 k - a potion of degeneration {unknown}
 m - a potion of might {unknown}
 p - 2 potions of cancellation {unknown}
 t - a potion of resistance {unknown}
 u - 3 potions of brilliance
 w - 2 potions of lignification
 x - 4 potions of flight {unknown}
 z - a potion of heal wounds {unknown}
 C - 5 potions of haste {unknown}
 D - a potion of berserk rage {unknown}


   Skills:
 + Level 13.6 Dodging
 - Level 2.4 Stealth
 - Level 12.5 Spellcasting
 + Level 12.0 Conjurations
 - Level 7.2 Translocations


You had 29 spell levels left.
You knew the following spells:

 Your Spells              Type           Power      Damage    Failure   Level
a - Magic Dart            Conj           100%       1d8       1%          1
b - Searing Ray           Conj           100%       2d8       1%          2
c - Iskenderun's Mystic   Conj/Tloc      68%        2d14      1%          4

Your spell library contained the following spells:

 Spells                   Type           Power      Damage    Failure   Level
 Mephitic Cloud           Conj/Pois/Air  44%        N/A       1%          3
 Dazzling Flash           Conj/Hex       100%       N/A       1%          3
 Fulminant Prism          Conj/Hex       27%        3d14      2%          4
 Frozen Ramparts          Ice            38%        1d5       8%          3
 Ozocubu's Armour         Ice            19%        N/A       8%          3
 Ice Form                 Ice/Tmut       19%        N/A       26%         4
 Leda's Liquefaction      Hex/Erth       9%         N/A       26%         4
 Petrify                  Tmut/Erth      19%        N/A       26%         4
 Summon Ice Beast         Ice/Summ       19%        N/A       26%         4
 Lee's Rapid Deconstruct  Erth           9%         3d8*      56%         5
 Metabolic Englaciation   Hex/Ice        9%         N/A       56%         5
 Simulacrum               Ice/Necr       9%         N/A       98%         6
 Statue Form              Tmut/Erth      12%        N/A       98%         6
 Borgnjor's Revivificati  Necr           9%         N/A       100%        8
 Necromutation            Tmut/Necr      9%         N/A       100%        8
 Death's Door             Necr           9%         N/A       100%        9


Dungeon Overview and Level Annotations

Branches:
Dungeon (9/15)             Temple (1/1) D:6          Bailey (visited)
   Lair: D:8-11         Orc: D:9-12

Altars:
Ashenzari
Cheibriados
Dithmenos
Elyvilon
Fedhas
Gozag
Hepliaklqana
Kikubaaqudgha
Makhleb
Nemelex Xobeh
Okawaru
Qazlal
Ru
Sif Muna
Trog
Uskayaw
Vehumet
Wu Jian
Xom
Yredelemnul
Zin
The Shining One

Shops:
D:1 !

Annotations:
D:9 Harold


Message History

The wight is severely damaged. (Press . to maintain the ray.)
The wight misses you.
The searing ray hits the wight!
You destroy the wight!
Vehumet accepts your kill.
The searing ray hits Harold.
Harold is moderately wounded.
The searing ray hits the wight.
The wight is almost destroyed.
The searing ray hits the killer bee.
The killer bee is moderately wounded.
Harold fires a harpoon shot at you. The harpoon shot misses you.
Your Conjurations skill increases to level 12!
The searing ray misses Harold.
The searing ray hits the wight.
You destroy the wight!
Vehumet accepts your kill.
The searing ray hits the killer bee!
You kill the killer bee!
Vehumet accepts your kill.
Vehumet offers you knowledge of Mephitic Cloud.
You feel your power returning.
You have reached level 12!
You feel clever.
The searing ray hits Harold.
Harold is moderately wounded.
The searing ray hits the killer bee!
The killer bee is heavily wounded.
You finish channelling your searing ray.
Harold hits you with a +1 scimitar of protection!!
* * * LOW HITPOINT WARNING * * *
Huge Dmg: -45%(-27hp) hp: 33%(19hp)
Okay, then.
Okay, then.
As you read the scroll of fear, it crumbles to dust.
You assume a fearsome visage.
Harold resists with some effort.
The wight is unaffected.
The killer bee looks frightened!
Harold hits you with a +1 scimitar of protection!!
You die...

.....................#
.##################.##
.# #........,,,,#.#
.#####.#....,,,,,,#.#
...........,,,,,,,#.#
######.#.#*,,*##*,#.#
.........#.,,..,,,#.#
.#####...#...######.##
.#.......#...z).@@...#
.#.##....#...y########
.............>..,,,,*
..............##***,*
......#..#....# *,*
########.#....# *,*
..,,,,,.......# *,*
*#*****#$#....# *,*
,,,,,,,.......# *,*


You could see Harold, a killer bee (fleeing) and a wight.

Vanquished Creatures
  An orc warlord (Bailey)
  Amaemon (D:8)
  An orc knight (Bailey)
  Maurice (D:9)
  A cyclops (D:8)
  An orange demon (D:8)
  Prince Ribbit (D:9)
  4 yaks (D:9)
  A wyvern (D:9)
  2 water moccasins
  11 orc warriors (Bailey)
  An ice beast (D:7)
  2 black bears
  A sky beast (D:7)
  5 ogres (D:6)
  3 phantoms
  2 centaurs
  4 kobold brigands
  2 bullfrogs
  A necrophage (D:5)
  A scorpion (D:5)
  8 wights
  8 killer bees
  A howler monkey (D:8)
  6 hounds
  A jelly (D:6)
  Terence (D:3)
  2 iguanas
  An orc wizard (D:7)
  9 gnolls
  8 adders
  A shadow imp (D:6)
  A white imp (D:7)
  3 worms
  2 dart slugs
  15 orcs
  4 ball pythons
  12 endoplasms
  A giant cockroach (D:4)
  22 hobgoblins
  4 jackals (D:4)
  3 quokkas
  6 bats
  5 frilled lizards
  12 goblins
  18 kobolds
  3 rats
204 creatures vanquished.

Notes
Turn   | Place    | Note
-------+----------+-------------------------------------------
     0 | D:1      | RepHenryClay the Deep Elf Conjurer began the quest for the
                  | Orb.
     0 | D:1      | Reached XP level 1. HP: 10/10 MP: 6/6
   235 | D:1      | Reached XP level 2. HP: 15/15 MP: 6/8
   265 | D:1      | Learned a level 2 spell: Searing Ray
   329 | D:1      | Reached skill level 5 in Conjurations
   547 | D:1      | Found Puwesuh's Distillery.
  1190 | D:2      | Reached XP level 3. HP: 19/19 MP: 6/9
  1373 | D:2      | Reached XP level 4. HP: 7/24 MP: 2/10
  2728 | D:3      | Found a glowing silver altar of Zin.
  2873 | D:3      | Noticed Terence
  2885 | D:3      | Killed Terence
  2886 | D:3      | Reached XP level 5. HP: 20/28 MP: 1/11
  3342 | D:3      | Found a faded altar of an unknown god.
  3505 | D:4      | Noticed a phantom
  3515 | D:4      | Killed a phantom
  3516 | D:4      | Reached XP level 6. HP: 16/32 MP: 1/12
  3835 | D:4      | Learned a level 4 spell: Iskenderun's Mystic Blast
  4143 | D:4      | Found a snail-covered altar of Cheibriados.
  4143 | D:4      | Found an iron altar of Okawaru.
  4379 | D:4      | Found an ornate altar of the Wu Jian Council.
  4762 | D:5      | Entered Level 5 of the Dungeon
  5088 | D:5      | Reached XP level 7. HP: 36/36 MP: 8/13
  5542 | D:6      | Reached skill level 3 in Dodging
  5749 | D:6      | Reached skill level 4 in Dodging
  5863 | D:6      | Reached skill level 5 in Spellcasting
  5863 | D:6      | Reached XP level 8. HP: 41/41 MP: 10/17
  5917 | D:6      | Found a staircase to the Ecumenical Temple.
  5937 | Temple   | Entered the Ecumenical Temple
  5944 | Temple   | Became a worshipper of Vehumet
  6261 | D:6      | Reached skill level 5 in Dodging
  6581 | D:6      | Found a sparkling altar of Nemelex Xobeh.
  6777 | D:7      | Found a hazy altar of Hepliaklqana.
  6822 | D:7      | Reached skill level 6 in Dodging
  7180 | D:7      | Reached skill level 7 in Dodging
  7486 | D:7      | Reached XP level 9. HP: 45/45 MP: 17/23
  8232 | D:7      | Reached skill level 8 in Dodging
  8336 | D:8      | Noticed a cyclops
  8575 | D:8      | Found a glowing golden altar of the Shining One.
  9448 | D:8      | Killed a cyclops
  9448 | D:8      | Reached * piety under Vehumet
  9448 | D:8      | Offered knowledge of Freeze by Vehumet.
  9449 | D:8      | Reached skill level 9 in Dodging
  9449 | D:8      | Reached skill level 10 in Spellcasting
  9626 | D:8      | Noticed an orange demon
  9643 | D:8      | Killed an orange demon
  9768 | D:8      | Noticed Amaemon
  9870 | D:8      | Killed Amaemon
  9871 | D:8      | Reached skill level 10 in Dodging
 10078 | D:8      | Reached XP level 10. HP: 47/50 MP: 21/27
 10459 | D:9      | Noticed Prince Ribbit
 10467 | D:9      | Killed Prince Ribbit
 10478 | D:9      | Found a flagged portal.
 10585 | D:9      | Reached skill level 11 in Dodging
 10591 | D:9      | Identified the +6 hand axe of Infection {holy, rC++}
 10650 | Bailey   | Entered a bailey
 10893 | Bailey   | Offered knowledge of Poisonous Vapours by Vehumet.
 10896 | Bailey   | Reached ** piety under Vehumet
 11024 | Bailey   | Reached skill level 1 in Translocations
 11308 | Bailey   | Noticed an orc warlord
 11311 | Bailey   | Noticed an orc knight
 11319 | Bailey   | Killed an orc knight
 11320 | Bailey   | Reached skill level 5 in Translocations
 11321 | Bailey   | Killed an orc warlord
 11387 | Bailey   | Reached skill level 13 in Dodging
 11387 | Bailey   | Reached XP level 11. HP: 54/54 MP: 29/29
 11507 | D:9      | Noticed Maurice
 11524 | D:9      | Killed Maurice
 11656 | D:9      | Noticed Harold
 11858 | D:9      | Offered knowledge of Mephitic Cloud by Vehumet.
 11859 | D:9      | Reached XP level 12. HP: 46/59 MP: 8/30
 11860 | D:9      | Slain by Harold

Illustrated notes

Levels and vault maps discovered:
D:1:      lemuel_arrival_muddy, layout_loops_ring, serial_shops, shop,
          minivault_5
D:2:      layout_basic
D:3:      layout_basic, lemuel_coloured_pillars_altar,
          shapermc_ecumenical_altar_ellora, uniq_terence
D:4:      layout_basic, marbit_many_paths, gammafunk_temple_overflow_pools
D:5:      layout_rooms, serial_park_tiny_pond
D:6:      layout_layer_cave, nemelex_dance_club_becter,
          minmay_temple_entry_glass, chequers_serial_rivers_micro_d,
          mrwooster_statue_mirror
D:7:      layout_layer_cave, nicolae_hepliaklqana_hazy_memory
D:8:      layout_basic, mainiacjoe_overflow_catwalk, minmay_crossroads,
          uniq_amaemon
D:9:      layout_basic, enter_bailey_2, chequers_serial_rivers_room_b,
          uniq_harold, uniq_maurice, uniq_prince_ribbit1
Temple:   nicolae_temple_no_exploring_needed

Skill      XL: |  1  2  3  4  5  6  7  8  9 10 11 |
---------------+----------------------------------+-----
Conjurations   | 5 6 7 8 9 11 12 | 12.0
Dodging        | 4 7 10 13 | 13.6
Spellcasting   | 5 8 11 12 | 12.5
Translocations | 7 |  7.2
Stealth        | |  2.4

Action                   |  1- 3 |  4- 6 |  7- 9 | 10-12 || total
-------------------------+-------+-------+-------+-------++-------
Melee: Demon whip        |       |       |       |    21 ||    21
       Punch             |       |       |       |     3 ||     3
 Cast: Magic Dart        |    56 |   111 |    89 |    17 ||   273
       Searing Ray       |     2 |    10 |    32 |    13 ||    57
       Iskenderun's Myst |       |       |     9 |    34 ||    43
Evoke: Wand              |       |       |     7 |     5 ||    12
  Use: Scroll            |       |       |    11 |     5 ||    16
       Potion            |       |       |     1 |     1 ||     2
Armor: Robe              |     4 |     5 |     2 |     3 ||    14
Dodge: Dodged            |     6 |    15 |    42 |    35 ||    98

Table legend: (Time is in decaauts)
 A = Elapsed time spent in this place.
 B = Non-inter-level travel time spent in this place.
 C = Inter-level travel time spent in this place.
 D = Time resting spent in this place.
 E = Time spent auto-exploring this place.
 F = Levels seen in this place.
 G = Mean time per level.
                   A        B        C        D        E       F      G
               +--------+--------+--------+--------+--------+-----+--------+
         Total |  11866 |  11389 |    477 |   1325 |   8620 |  11 | 1078.7 |
       Dungeon |  11078 |  10607 |    471 |   1076 |   8367 |   9 | 1230.9 |
        Temple |     14 |      8 |      6 |      0 |      0 |   1 |   14.0 |
        Bailey |    773 |    773 |      0 |    249 |    253 |   1 |  773.0 |
               +--------+--------+--------+--------+--------+-----+--------+

Top non-repeatable levels by time:
     D:7: 2486 daAuts
     D:2: 1401 daAuts
     D:6: 1313 daAuts
     D:8: 1308 daAuts
     D:4: 1293 daAuts
     D:1: 1138 daAuts
     D:3: 927 daAuts
  Bailey: 773 daAuts
     D:5: 619 daAuts
     D:9: 589 daAuts
  Temple: 14 daAuts
